General information
- name: BNet
- type: Ladder team game (AT/RT)
- host: Battle.net
- saver: Epicwar
map: DragonFalls
- players: 8
- length: 32:27
- speed: Fast
- version: 1.26 W3XP
- replay type: Public
» download(190 KB)
Players
team 1 (loser)
subban (
purple | 39 APM | 1097 actions | 28:26)
8 Demon Hunter
3 Evasion
2 Mana Burn
1 Metamorphosis
2 Immolation
3 Priestess of the Moon
2 Trueshot Aura
1 Searing Arrows
» actions
| Basic commands | 19 | |
| Build / train | 93 | |
| Enter build submenu | 22 | |
| Enter hero's abilities submenu | 11 | |
| Give item / drop item | 5 | |
| Right click | 540 | |
| Select / deselect | 345 | |
| Use ability | 62 | |
1097 total
» units
| Wisp | 24 | |
| Archer | 7 | |
| Chimaera | 8 | |
| Hippogryph | 14 | |
53 total
» upgrades
| Reinforced Hides | 3 | |
| Strength of the Wild | 3 | |
| Corrosive Breath | 1 | |
| Well Spring | 1 | |
8 total
» buildings
| Altar of Elders | 1 | |
| Moon Well | 8 | |
| Ancient of War | 1 | |
| Ancient of Wonders | 2 | |
| Tree of Ages | 3 | |
| Hunter's Hall | 1 | |
| Tree of Life | 2 | |
| Ancient Protector | 1 | |
| Tree of Eternity | 3 | |
| Ancient of Wind | 2 | |
| Chimaera Roost | 3 | |
27 total
» build order
00:25 Altar of Elders
00:42 Moon Well
01:33 Ancient of War
01:38 Ancient of Wonders
01:50 Moon Well
02:23 Ancient of Wonders
03:15 Tree of Ages
03:57 Moon Well
04:49 Hunter's Hall
04:59 Moon Well
05:41 Tree of Life
06:20 Ancient Protector
06:50 Tree of Eternity
06:50 Tree of Eternity
07:18 Ancient of Wind
07:23 Ancient of Wind
09:12 Chimaera Roost
09:18 Chimaera Roost
09:21 Chimaera Roost
10:54 Moon Well
12:33 Moon Well
13:33 Moon Well
15:30 Moon Well
21:43 Tree of Life
23:47 Tree of Ages
» items
| Orb of Venom | 1 | |
| Scroll of Town Portal | 2 | |
| Potion of Healing | 1 | |
4 total
maximus. (
green | 50 APM | 808 actions | 16:13)
3 Dreadlord
2 Vampiric Aura
1 Sleep
» actions
| Assign group hotkey | 19 | |
| Basic commands | 19 | |
| Build / train | 55 | |
| Enter build submenu | 10 | |
| Enter hero's abilities submenu | 3 | |
| Give item / drop item | 1 | |
| Right click | 257 | |
| Select / deselect | 279 | |
| Select group hotkey | 113 | |
| Use ability | 52 | |
808 total
» units
| Acolyte | 2 | |
| Ghoul | 14 | |
| Crypt Fiend | 6 | |
22 total
» upgrades
| Web | 1 | |
| Ghoul Frenzy | 1 | |
| Creature Attack | 2 | |
| Unholy Strength | 1 | |
| Creature Carapace | 1 | |
6 total
» buildings
| Crypt | 2 | |
| Altar of Darkness | 1 | |
| Ziggurat | 5 | |
| Tomb of Relics | 1 | |
| Nerubian Tower | 1 | |
| Halls of the Dead | 2 | |
| Graveyard | 1 | |
| Black Citadel | 2 | |
| Spirit Tower | 3 | |
18 total
» build order
00:35 Crypt
00:42 Altar of Darkness
00:46 Ziggurat
01:16 Tomb of Relics
01:42 Ziggurat
01:50 Nerubian Tower
04:54 Halls of the Dead
06:22 Graveyard
06:26 Ziggurat
07:11 Ziggurat
07:45 Black Citadel
08:16 Crypt
09:10 Spirit Tower
09:11 Spirit Tower
09:13 Ziggurat
10:07 Spirit Tower
» items
| Rod of Necromancy | 5 | |
| Dust of Appearance | 2 | |
| Orb of Corruption | 1 | |
| Scroll of Healing | 1 | |
9 total
TITANICBESTFILM (
yellow | 62 APM | 2025 actions | 32:26)
4 Blademaster
2 Wind Walk
2 Critical Strike
1 Dreadlord
1 Sleep
» actions
| Assign group hotkey | 29 | |
| Basic commands | 186 | |
| Build / train | 68 | |
| Enter build submenu | 22 | |
| Enter hero's abilities submenu | 5 | |
| Give item / drop item | 2 | |
| Remove unit from queue | 2 | |
| Right click | 751 | |
| Select / deselect | 272 | |
| Select group hotkey | 602 | |
| Use ability | 86 | |
2025 total
» units
| Peon | 20 | |
| Grunt | 4 | |
| Goblin Shredder | 1 | |
| Wind Rider | 8 | |
| Green Dragon | 1 | |
| Goblin Sapper | 5 | |
| Raider | 2 | |
41 total
» upgrades
| Reinforced Defenses | 1 | |
| Ranged Weapons | 2 | |
| Armor | 2 | |
| Envenomed Spears | 1 | |
6 total
» buildings
| Altar of Storms | 1 | |
| Barracks | 1 | |
| Orc Burrow | 7 | |
| Voodoo Lounge | 1 | |
| Stronghold | 2 | |
| War Mill | 1 | |
| Great Hall | 2 | |
| Fortress | 1 | |
| Watch Tower | 14 | |
| Beastiary | 4 | |
34 total
» build order
00:07 Altar of Storms
00:21 Barracks
00:46 Orc Burrow
01:27 Orc Burrow
02:03 Voodoo Lounge
03:25 Stronghold
03:58 Orc Burrow
04:58 War Mill
05:09 Great Hall
05:48 Fortress
08:37 Watch Tower
08:44 Watch Tower
08:45 Watch Tower
08:46 Watch Tower
09:27 Beastiary
09:33 Beastiary
10:13 Beastiary
10:25 Watch Tower
12:20 Watch Tower
12:20 Watch Tower
12:21 Watch Tower
12:21 Watch Tower
12:21 Watch Tower
13:04 Orc Burrow
13:14 Orc Burrow
14:38 Watch Tower
14:38 Watch Tower
14:45 Watch Tower
14:45 Watch Tower
15:26 Beastiary
16:13 Stronghold
20:04 Great Hall
21:57 Orc Burrow
» items
| Healing Salve | 3 | |
| Lesser Clarity Potion | 1 | |
| Scroll of Town Portal | 2 | |
| Boots of Speed | 1 | |
| Staff of Teleportation | 1 | |
| Potion of Lesser Invulnerability | 1 | |
| Tiny Great Hall | 1 | |
10 total

»
ratchetman (
blue | 21 APM | 668 actions | 32:26)
3 Beastmaster
2 Summon Bear
1 Summon Hawk
» actions
| Basic commands | 245 | |
| Build / train | 63 | |
| Enter build submenu | 25 | |
| Enter hero's abilities submenu | 2 | |
| Remove unit from queue | 1 | |
| Right click | 1 | |
| Select / deselect | 280 | |
| Use ability | 51 | |
668 total
» units
| Peasant | 11 | |
| Rifleman | 5 | |
| Mortar Team | 2 | |
| Siege Engine | 16 | |
| Crypt Fiend | 12 | |
46 total
» upgrades
| Long Rifles | 0 | |
| Gunpowder | 2 | |
| Lumber Harvesting | 1 | |
| Flare | 1 | |
| Masonry | 2 | |
| Barrage | 1 | |
| Fragmentation Shards | 1 | |
| Creature Attack | 1 | |
9 total
» buildings
| Barracks | 1 | |
| Altar of Kings | 1 | |
| Farm | 11 | |
| Blacksmith | 1 | |
| Keep | 1 | |
| Scout Tower | 1 | |
| Lumber Mill | 1 | |
| Workshop | 2 | |
| Arcane Tower | 1 | |
| Castle | 1 | |
| Town Hall | 1 | |
22 total
» build order
01:20 Barracks
01:35 Altar of Kings
02:40 Farm
02:47 Farm
04:54 Blacksmith
05:04 Farm
05:23 Keep
05:30 Farm
05:44 Farm
06:10 Farm
06:20 Scout Tower
07:45 Lumber Mill
08:05 Workshop
08:11 Workshop
10:03 Arcane Tower
10:50 Castle
12:50 Farm
12:51 Farm
12:56 Farm
12:58 Farm
13:00 Farm
19:31 Town Hall
team 2 (winner)

»
SuckMeBeautiful (
red | 59 APM | 1192 actions | 20:21)
4 Blademaster
2 Wind Walk
1 Mirror Image
1 Critical Strike
2 Shadow Hunter
1 Healing Wave
1 Hex
» actions
| Assign group hotkey | 16 | |
| Basic commands | 9 | |
| Build / train | 52 | |
| Enter build submenu | 16 | |
| Enter hero's abilities submenu | 6 | |
| Remove unit from queue | 1 | |
| Right click | 486 | |
| Select / deselect | 394 | |
| Select group hotkey | 175 | |
| Use ability | 37 | |
1192 total
» units
» upgrades
| Ranged Weapons | 3 | |
| Envenomed Spears | 1 | |
| Armor | 2 | |
6 total
» buildings
| Altar of Storms | 1 | |
| Orc Burrow | 7 | |
| War Mill | 1 | |
| Stronghold | 1 | |
| Voodoo Lounge | 1 | |
| Beastiary | 3 | |
| Great Hall | 2 | |
| Fortress | 1 | |
| Spirit Lodge | 1 | |
18 total
» build order
00:23 Altar of Storms
00:26 Orc Burrow
01:39 Orc Burrow
01:46 War Mill
02:50 Stronghold
02:53 Orc Burrow
03:21 Orc Burrow
03:25 Voodoo Lounge
05:13 Beastiary
05:17 Beastiary
05:20 Beastiary
06:00 Orc Burrow
08:20 Great Hall
10:13 Fortress
13:48 Orc Burrow
13:51 Orc Burrow
16:55 Great Hall
17:57 Spirit Lodge
» items
| Periapt of Vitality | 2 | |
| Orb of Lightning | 1 | |
| Scroll of Protection | 1 | |
4 total
MuldersPhone (
orange | 87 APM | 1784 actions | 20:25)
4 Blademaster
2 Critical Strike
1 Wind Walk
1 Mirror Image
» actions
| Assign group hotkey | 36 | |
| Basic commands | 37 | |
| Build / train | 52 | |
| Enter build submenu | 19 | |
| Enter hero's abilities submenu | 4 | |
| Give item / drop item | 5 | |
| Right click | 746 | |
| Select / deselect | 248 | |
| Select group hotkey | 562 | |
| Use ability | 75 | |
1784 total
» units
| Peon | 11 | |
| Grunt | 6 | |
| Goblin Shredder | 1 | |
| Shaman | 2 | |
| Troll Witch Doctor | 2 | |
| Tauren | 1 | |
23 total
» upgrades
| Pillage | 1 | |
| Berserker Strength | 1 | |
| Melee Weapons | 1 | |
| Armor | 1 | |
| Shaman Training | 2 | |
| Witch Doctor Training | 2 | |
| Reinforced Defenses | 1 | |
| Pulverize | 1 | |
10 total
» buildings
| Orc Burrow | 7 | |
| Altar of Storms | 1 | |
| Barracks | 1 | |
| Voodoo Lounge | 1 | |
| Stronghold | 1 | |
| War Mill | 2 | |
| Fortress | 1 | |
| Spirit Lodge | 2 | |
| Tauren Totem | 2 | |
18 total
» build order
00:12 Orc Burrow
00:19 Altar of Storms
00:22 Barracks
01:21 Voodoo Lounge
02:19 Orc Burrow
02:37 Orc Burrow
04:55 Stronghold
05:52 War Mill
06:01 Orc Burrow
06:04 Orc Burrow
07:29 Fortress
07:31 Spirit Lodge
07:37 Spirit Lodge
10:29 Tauren Totem
10:36 Tauren Totem
11:00 Orc Burrow
11:03 Orc Burrow
18:58 War Mill
» items
| Healing Salve | 3 | |
| Scroll of Speed | 2 | |
| Lesser Clarity Potion | 1 | |
| Scroll of Town Portal | 2 | |
| Potion of Healing | 2 | |
| Potion of Lesser Invulnerability | 1 | |
| Orb of Lightning | 1 | |
12 total
Epicwar (
pink | 84 APM | 2739 actions | 32:27)
10 Tauren Chieftain
3 Shockwave
3 Endurance Aura
1 Reincarnation
3 War Stomp
» actions
| Assign group hotkey | 120 | |
| Basic commands | 75 | |
| Build / train | 102 | |
| ESC pressed | 2 | |
| Enter build submenu | 66 | |
| Enter hero's abilities submenu | 10 | |
| Give item / drop item | 11 | |
| Remove unit from queue | 1 | |
| Right click | 1187 | |
| Select / deselect | 314 | |
| Select group hotkey | 635 | |
| Use ability | 216 | |
2739 total
» units
| Peon | 15 | |
| Grunt | 10 | |
| Goblin Shredder | 3 | |
| Wind Rider | 9 | |
| Green Dragon | 4 | |
41 total
» upgrades
| Armor | 4 | |
| Berserker Strength | 1 | |
| Reinforced Defenses | 1 | |
| Pillage | 1 | |
| Ranged Weapons | 4 | |
| Envenomed Spears | 1 | |
12 total
» buildings
| Orc Burrow | 8 | |
| Altar of Storms | 2 | |
| Barracks | 1 | |
| Voodoo Lounge | 1 | |
| Great Hall | 3 | |
| Stronghold | 3 | |
| War Mill | 2 | |
| Fortress | 3 | |
| Beastiary | 2 | |
| Watch Tower | 37 | |
62 total
» build order
00:09 Orc Burrow
00:34 Altar of Storms
00:42 Barracks
01:18 Orc Burrow
01:59 Voodoo Lounge
02:14 Orc Burrow
03:51 Great Hall
04:17 Stronghold
04:18 Stronghold
04:18 Stronghold
05:16 Orc Burrow
05:18 War Mill
06:44 Orc Burrow
07:25 Fortress
07:26 Fortress
07:36 Beastiary
09:19 Beastiary
09:23 Watch Tower
11:59 Watch Tower
12:01 Watch Tower
12:02 Watch Tower
12:23 Watch Tower
12:23 Watch Tower
12:24 Watch Tower
12:25 Watch Tower
12:25 Watch Tower
12:44 Watch Tower
14:45 Orc Burrow
14:47 Orc Burrow
16:13 Watch Tower
16:15 Watch Tower
16:16 Watch Tower
16:17 Watch Tower
16:19 Watch Tower
16:22 Watch Tower
16:49 Watch Tower
16:50 Watch Tower
16:52 Watch Tower
16:54 Watch Tower
18:05 War Mill
18:44 Great Hall
19:54 Watch Tower
19:54 Watch Tower
19:55 Watch Tower
19:56 Watch Tower
20:38 Watch Tower
20:39 Watch Tower
21:38 Watch Tower
22:06 Watch Tower
22:07 Watch Tower
22:10 Watch Tower
22:15 Watch Tower
22:16 Watch Tower
22:18 Watch Tower
24:44 Great Hall
24:47 Orc Burrow
24:49 Altar of Storms
25:01 Watch Tower
25:02 Watch Tower
26:13 Watch Tower
26:14 Watch Tower
» items
| Healing Salve | 11 | |
| Boots of Speed | 1 | |
| Lesser Clarity Potion | 2 | |
| Orb of Lightning | 1 | |
| Scroll of Town Portal | 3 | |
| Scroll of Speed | 1 | |
19 total
scorpionKjng (
teal | 57 APM | 1157 actions | 20:27)
2 Archmage
1 Summon Water Elemental
1 Brilliance Aura
1 Mountain King
1 Storm Bolt
» actions
| Assign group hotkey | 10 | |
| Build / train | 66 | |
| Enter build submenu | 33 | |
| Enter hero's abilities submenu | 3 | |
| Remove unit from queue | 3 | |
| Right click | 520 | |
| Select / deselect | 199 | |
| Select group hotkey | 266 | |
| Use ability | 57 | |
1157 total
» units
| Peasant | 21 | |
| Priest | 8 | |
| Gryphon Rider | 12 | |
41 total
» upgrades
| Swords | 3 | |
| Lumber Harvesting | 2 | |
| Armor | 3 | |
| Storm Hammers | 1 | |
| Priest Training | 2 | |
11 total
» buildings
| Altar of Kings | 1 | |
| Farm | 13 | |
| Arcane Vault | 1 | |
| Lumber Mill | 2 | |
| Scout Tower | 5 | |
| Arcane Tower | 1 | |
| Keep | 1 | |
| Blacksmith | 1 | |
| Guard Tower | 3 | |
| Castle | 1 | |
| Gryphon Aviary | 2 | |
| Arcane Sanctum | 1 | |
| Town Hall | 3 | |
35 total
» build order
00:08 Altar of Kings
00:21 Farm
00:57 Farm
01:10 Arcane Vault
01:24 Lumber Mill
01:41 Scout Tower
02:21 Arcane Tower
03:08 Keep
03:45 Farm
03:47 Scout Tower
03:50 Blacksmith
04:24 Guard Tower
04:28 Farm
05:03 Scout Tower
05:06 Farm
05:33 Castle
05:38 Guard Tower
06:01 Farm
07:27 Farm
07:31 Scout Tower
07:43 Farm
07:47 Gryphon Aviary
08:33 Guard Tower
08:41 Farm
08:50 Gryphon Aviary
08:54 Arcane Sanctum
10:15 Lumber Mill
11:10 Farm
11:42 Town Hall
12:13 Farm
13:33 Town Hall
13:37 Scout Tower
17:04 Farm
17:59 Town Hall
18:03 Farm
» items
Chat log
(00:37 / Allies) SuckMeBeautiful: orcs
(00:40 / Allies) SuckMeBeautiful: what r u guys going with
(00:41 / Allies) scorpionKjng: i go air
(00:52 / Allies) SuckMeBeautiful: orange?
(00:52 / Allies) MuldersPhone: me melee
(00:53 / Allies) scorpionKjng: damn all orc
(00:58 / Allies) SuckMeBeautiful: hmm
(00:58 / Allies) MuldersPhone: doc sharm
(01:01 / Allies) SuckMeBeautiful: 3 bm harrass would be nice
(01:05 / Allies) SuckMeBeautiful: guys in?
(01:28 / Allies) SuckMeBeautiful: guys in for 3 bm harrass?
(01:35 / Allies) SuckMeBeautiful: it always gets at leats 1 person to leave
(03:11 / Allies) Epicwar: I'll get this expo
(03:14 / Allies) MuldersPhone: k
(04:30 / Allies) Epicwar: use wand of illusion
(04:48 / Allies) SuckMeBeautiful: they might be rushing
(08:47 / Allies) SuckMeBeautiful: pink u getting lust?
(09:01 / Allies) Epicwar: not sure what they have to know what I get
(09:09 / Allies) SuckMeBeautiful: get sham with lust
(09:15 / Allies) Epicwar: I don't take orders from you
(09:19 / Allies) SuckMeBeautiful: rofl
(11:48 / Allies) MuldersPhone: pink item stealer
(11:53 / Allies) Epicwar: I'm a collector
(11:59 / Allies) MuldersPhone: he is not ur teamate
(12:06 / Allies) Epicwar: why not
(12:17 / Allies) MuldersPhone: u are suck
(12:20 / Allies) Epicwar: lol
(12:32 / Allies) Epicwar: says the standard cookie cutter orc noob
(12:36 / All) Epicwar: Orange tk
(12:58 / All) Epicwar: orange tk
(13:00 / Allies) Epicwar: orange is tking me lol
(13:03 / Allies) Epicwar: we lose thanks to tker
(13:20 / Allies) SuckMeBeautiful: can we fucking play as a team/
(13:23 / Allies) SuckMeBeautiful: maybe meet up and hit?
(13:24 / Allies) Epicwar: orange says no he's a tker
(13:31 / Allies) SuckMeBeautiful: oj
(13:32 / Allies) SuckMeBeautiful: stop
(13:56 / Allies) SuckMeBeautiful: stop
(13:58 / Allies) SuckMeBeautiful: wtf guys
(14:01 / Allies) Epicwar: he's tking me
(14:03 / Allies) Epicwar: he's a tker
(14:05 / Allies) Epicwar: I report him to blizzard
(14:10 / Allies) SuckMeBeautiful: oj stop
(14:11 / Allies) SuckMeBeautiful: lets win
(15:01 / Allies) Epicwar: noob lol
(15:02 / Allies) SuckMeBeautiful: wow
(15:02 / All) scorpionKjng: wtf man
(15:07 / All) Epicwar: Orange noob tk
(15:09 / All) scorpionKjng: stop dude
(15:12 / All) scorpionKjng: shit
(15:25 / Allies) Epicwar: nice attacking your own warmill LOL
(15:26 / Allies) Epicwar: scrub
(15:32 / Allies) SuckMeBeautiful: teal
(15:33 / Allies) SuckMeBeautiful: lets just go hit
(15:54 / Allies) MuldersPhone: PLZ KILL PINK
(16:00 / All) MuldersPhone: GOO
(16:07 / Allies) Epicwar: help lol
(16:13 / Allies) Epicwar: dumbass
(16:15 / Allies) MuldersPhone: pink is not ur teamate
(17:02 / Allies) SuckMeBeautiful: i guess i'll hit alone
(17:06 / Allies) Epicwar: help
(17:08 / Allies) Epicwar: and I can hit with you
(17:12 / Allies) Epicwar: if UI fucking survive the chimbot
(17:29 / Allies) Epicwar: dude
(17:31 / Allies) Epicwar: yellow is tking
(17:33 / Allies) Epicwar: if you watch my base
(17:36 / Allies) Epicwar: and you are hitting a fucking tker
(17:39 / Allies) Epicwar: rather than ANYONE else
(17:40 / Allies) Epicwar: dumbass
(18:12 / All) Epicwar: retard orange still trying to tk
(18:13 / Allies) SuckMeBeautiful: meet
(18:50 / Allies) Epicwar: fuckwit orange
(18:52 / Allies) Epicwar: HIT SOMEWHERE ELSE
(18:59 / Allies) Epicwar: why are you fucking retards
(19:01 / Allies) Epicwar: hitting the fucking tker
(19:04 / Allies) MuldersPhone: u are fuckin
(19:10 / Allies) Epicwar: lmao
(19:13 / Allies) Epicwar: so we have a tker on our team
(19:15 / Allies) Epicwar: and are a player down
(19:15 / Allies) Epicwar: but
(19:17 / Allies) Epicwar: they have a tker too
(19:20 / Allies) Epicwar: LET'S HIT THE TKER
(19:20 / Allies) MuldersPhone: u so suck pink
(19:21 / Allies) Epicwar: you morons
(19:27 / Allies) MuldersPhone: plz shower
(19:38 / Allies) MuldersPhone: son of bitch
(20:04 / All) Epicwar: My team is all morons
(20:08 / Allies) MuldersPhone: we lose because of u pink
(20:09 / Allies) MuldersPhone: ty
(20:16 / Allies) Epicwar: lol
(20:17 / Allies) Epicwar: you tked
(20:18 / Allies) Epicwar: me
(20:20 / Allies) Epicwar: not the other way around
(20:22 / Allies) Epicwar: kill yourself
(20:29 / All) Epicwar: lol
(24:03 / All) subban: seriuously
(24:05 / All) TITANICBESTFILM: purple is retarded
(24:05 / All) subban: lol
(24:05 / All) Epicwar: out lol
(24:07 / All) TITANICBESTFILM: the game is over purple
(24:09 / All) TITANICBESTFILM: quit rying
(24:12 / All) subban: he sucks your dicck or smth
(24:16 / All) TITANICBESTFILM: i have more gold than u
(24:18 / All) TITANICBESTFILM: y are u trying
(24:50 / All) subban: kill with tanks
(25:25 / All) TITANICBESTFILM: he doesnt understand purple
(27:29 / All) subban: 1
(28:32 / All) Epicwar: lol
(28:34 / All) Epicwar: he knew he was fucked
(28:35 / All) Epicwar: and left
(28:39 / All) Epicwar: I triple surrounded his hero
(28:41 / All) Epicwar: came from three ways
(30:04 / All) TITANICBESTFILM: game just got ended too quick ur team sounded like they would talk a lot
(30:33 / All) TITANICBESTFILM: just our luck, none of ur team helped and they went for ur bsae for w/e reason
(30:35 / All) Epicwar: Big babies this game
(30:41 / All) Epicwar: I told them you were tking
(30:44 / All) Epicwar: They still kept hitting you